 Dungeon Sprint DCSS version 0.30-a0-368-g86fb4627a9 (webtiles) character file.

Game seed: 11436022168936419579

707 mhtbhm the Protected (level 7, -9/71 HPs)
             Began as an Armataur Fighter on Nov 19, 2022.
             Was an Initiate of Gozag.
             Mangled by a merfolk
             ... wielding a +0 trident
              (13 damage)
             ... in the Dungeon (Sprint VII: "The Pits").
             The game lasted 00:01:44 (514 turns).

mhtbhm the Protected (Armataur Fighter)              Turns: 514, Time: 00:01:45

Health: -9/71      AC: 11    Str: 23    XL:     7   Next: 40%
Magic:  7/7        EV:  8    Int:  8    God:    Gozag
Gold:   1782       SH:  5    Dex: 10    Spells: 6/6 levels left

rFire   . . .      SeeInvis .    a - +2 hand axe (freeze)
rCold   . . .      Faith    .    c - +0 buckler
rNeg    . . .      Spirit   .    b - +3 scale mail
rPois   .          Reflect  .    (no helmet)
rElec   .          Harm     .    (no cloak)
rCorr   .          Roll     +    (no gloves)
Will    .....      NoTele   +    (no barding)
Stlth   ..........               (no amulet)
HPRegen 0.31/turn                (no ring)
MPRegen 0.10/turn                (no ring)

@: mighty, gold aura
A: large, rugged brown scales 3, deformed body, armoured tail, roll, long
tongue, awkward tongue
a: Renounce Religion, Potion Petition, Call Merchant, Bribe Branch


You were in the Dungeon.
You worshipped Gozag.
Gozag was most pleased with you.
You visited 1 branch You collected 1782 gold pieces.

Inventory:

Hand Weapons
 a - a +2 hand axe of freezing (weapon)
Missiles
 j - 3 boomerangs (quivered)
Armour
 b - a +3 scale mail (worn)
 c - a +0 buckler (worn)
Scrolls
 l - 5 scrolls of amnesia
Potions
 e - 5 potions of curing
 f - 3 potions of heal wounds
 h - 4 potions of magic
 i - a potion of berserk rage
 k - 2 potions of invisibility


   Skills:
 + Level 7.7 Fighting
 + Level 8.0 Axes
 + Level 9.6 Armour
 + Level 2.3 Dodging
 + Level 0.3 Stealth
 + Level 8.3 Shields


You had 6 spell levels left.
You didn't know any spells.
Your spell library was empty.

Dungeon Overview and Level Annotations

Branches:
Dungeon (1/1)

Altars:
Ashenzari
Cheibriados
Dithmenos
Elyvilon
Fedhas
Gozag
Hepliaklqana
Kikubaaqudgha
Makhleb
Nemelex Xobeh
Okawaru
Qazlal
Ru
Sif Muna
Trog
Uskayaw
Vehumet
Wu Jian
Xom
Yredelemnul
Zin
The Shining One
Jiyva
Lugonu


Innate Abilities, Weirdness & Mutations

You are completely covered in rugged brown scales. (AC +3, +7% HP)
Armour fits poorly on your strangely shaped body.
You have a long armoured tail.
You roll when moving toward enemies. (Rampage)
Your long tongue fully drains potion bottles. (2x potion effects)
Your tongue gives you trouble enunciating. (1.5x scroll delay)


Message History

You kill the gnoll!
You now have 1746 gold pieces (gained 162).
Items here: ))) [.
Items here: ))) [.
You now have 1782 gold pieces (gained 36).
There is an open door, spattered with blood here.
You see here a +0 club.
Your extra speed is starting to run out.
You open the door.
A frilled lizard, a gargoyle and a merfolk come into view.
The frilled lizard hisses angrily.
The merfolk shouts!
Unknown command.
You roll towards the gargoyle!
You hit the gargoyle but do no damage.
You tail-slap the gargoyle, but do no damage.
You slash the frilled lizard! You freeze the frilled lizard.
You kill the frilled lizard!
You hit the merfolk but do no damage. The merfolk hits you with a +0 trident.
The gargoyle is distracted by your dazzling golden aura.
You barely miss the gargoyle.
The gargoyle is no longer distracted by gold.
You slash the merfolk! You freeze the merfolk.
The merfolk is distracted by your dazzling golden aura.
Unknown command.
You hit the gargoyle. You freeze the gargoyle.
The gargoyle is lightly damaged.
You slash the merfolk! You freeze the merfolk.
The merfolk is no longer distracted by gold.
You feel yourself slow down. The merfolk barely misses you.
The gargoyle hits you with a +0 flail!
You barely miss the gargoyle.
You tail-slap the gargoyle, but do no damage.
The gargoyle is lightly damaged.
You hit the merfolk. You freeze the merfolk.
The gargoyle hurls a stone arrow at you.
The stone arrow hits you!!
* * * LOW HITPOINT WARNING * * *
The merfolk hits you with a +0 trident!
You die...
Your body crumbles into a pile of gold.

#.#..########...<...#
#.#..'.[)).##.......#
#.#..#[))).##.......#
#'###########.......#
#)).....#..##########
#)).....#)######
#...#...#.#....#
#..###..#)#$...#
#...#...#.'@9..+
#.......#'#.m..#
#.......'.#....#
################


You could see a merfolk and a gargoyle.

Vanquished Creatures
  A hellwing (D)
  An ice beast (D)
  An orc warrior (D)
  2 ogres (D)
  A hound (D)
  A gnoll bouda (D)
  3 gnolls (D)
  5 orcs (D)
  A giant cockroach (D)
  A goblin (D)
  4 jackals (D)
  A kobold (D)
  A quokka (D)
  A ball python (D)
  A ball python skeleton (D)
  2 frilled lizards (D)
  A quokka zombie (D)
28 creatures vanquished.

Notes
Turn   | Place    | Note
-------+----------+-------------------------------------------
     0 | D        | mhtbhm the Armataur Fighter began the quest for the Orb.
     0 | D        | Reached XP level 1. HP: 19/19 MP: 1/1
    14 | D        | Reached skill level 4 in Armour
    18 | D        | Found a bloodstained altar of Trog.
    18 | D        | Found a shimmering blue altar of Sif Muna.
    18 | D        | Found a viscous altar of Jiyva.
    18 | D        | Found a hazy altar of Hepliaklqana.
    18 | D        | Found an opulent altar of Gozag.
    19 | D        | Found a glowing golden altar of the Shining One.
    19 | D        | Found a glowing silver altar of Zin.
    19 | D        | Found a basalt altar of Yredelemnul.
    19 | D        | Found a shimmering altar of Xom.
    19 | D        | Found an ornate altar of the Wu Jian Council.
    19 | D        | Found a sacrificial altar of Ru.
    19 | D        | Found a stormy altar of Qazlal.
    19 | D        | Found an iron altar of Okawaru.
    19 | D        | Found a sparkling altar of Nemelex Xobeh.
    19 | D        | Found a burning altar of Makhleb.
    19 | D        | Found a blossoming altar of Fedhas.
    19 | D        | Found a white marble altar of Elyvilon.
    19 | D        | Found a shadowy altar of Dithmenos.
    19 | D        | Found a snail-covered altar of Cheibriados.
    21 | D        | Found a radiant altar of Vehumet.
    21 | D        | Found a corrupted altar of Lugonu.
    22 | D        | Found a hide-covered altar of Uskayaw.
    22 | D        | Found an ancient bone altar of Kikubaaqudgha.
    22 | D        | Found a broken altar of Ashenzari.
    26 | D        | Became a worshipper of Gozag Ym Sagoz the Greedy
   198 | D        | Reached XP level 2. HP: 27/27 MP: 2/2
   207 | D        | Noticed an ogre
   215 | D        | Killed an ogre
   216 | D        | Reached skill level 6 in Armour
   216 | D        | Reached skill level 5 in Shields
   216 | D        | Reached XP level 3. HP: 24/37 MP: 3/3
   216 | D        | Reached XP level 4. HP: 28/43 MP: 4/4
   350 | D        | Noticed an ogre
   351 | D        | Noticed an orc warrior
   352 | D        | Noticed an ice beast
   353 | D        | Killed an ogre
   354 | D        | Reached skill level 5 in Fighting
   354 | D        | Reached skill level 7 in Armour
   354 | D        | Reached XP level 5. HP: 52/52 MP: 5/5
   363 | D        | Reached skill level 5 in Axes
   364 | D        | Killed an ice beast
   365 | D        | Reached skill level 8 in Armour
   365 | D        | Reached XP level 6. HP: 62/62 MP: 6/6
   370 | D        | Killed an orc warrior
   371 | D        | Reached skill level 9 in Armour
   371 | D        | Reached skill level 1 in Dodging
   435 | D        | Noticed a hellwing
   486 | D        | Killed a hellwing
   487 | D        | Reached XP level 7. HP: 40/70 MP: 7/7
   509 | D        | Noticed a gargoyle
   509 | D        | Noticed a merfolk
   514 | D        | Mangled by a merfolk

Illustrated notes

Levels and vault maps discovered:
D:        pitsprint [storerooms_1, entrance_room_1, metal_vault_3, armoury_2,
          mini_pit_1, grid_room_1, main_hall_1, silver_pit, the_coven_1,
          the_vestibule_1, steel_vault_4, golden_pit, hallway_of_sentries,
          crystal_vault_4, iron_vault_1, final_vault]

Skill      XL: |  1  2  3  4  5  6  7 |
---------------+----------------------+-----
Fighting       | 3 4 5 6 7 |  7.7
Armour         | 4 6 7 8 9 |  9.6
Shields        | 4 5 6 7 8 |  8.3
Axes           | 3 4 6 7 8 |  8.0
Dodging        | 2 |  2.3
Stealth        | |  0.3

Action                   |  1- 3 |  4- 6 |  7- 9 || total
-------------------------+-------+-------+-------++-------
Melee: Hand axe          |    18 |    65 |    13 ||    96
       Tailslap          |     2 |     7 |     2 ||    11
       War axe           |     2 |       |       ||     2
  Use: Potion            |     2 |     6 |       ||     8
       Scroll            |     1 |     1 |       ||     2
Armor: Scale mail        |    10 |    27 |       ||    37
Dodge: Dodged            |     5 |    22 |     3 ||    30
Block: Buckler           |     3 |    18 |     1 ||    22

Table legend: (Time is in decaauts)
 A = Elapsed time spent in this place.
 B = Non-inter-level travel time spent in this place.
 C = Inter-level travel time spent in this place.
 D = Time resting spent in this place.
 E = Time spent auto-exploring this place.
 F = Levels seen in this place.
 G = Mean time per level.
                   A        B        C        D        E       F      G
               +--------+--------+--------+--------+--------+-----+--------+
         Total |    514 |    514 |      0 |    213 |     28 |   1 |  514.0 |
       Dungeon |    514 |    514 |      0 |    213 |     28 |   1 |  514.0 |
               +--------+--------+--------+--------+--------+-----+--------+

Top non-repeatable levels by time:
       D: 514 daAuts
